 Dungeon Crawl Stone Soup version 0.22-a0-422-g9628fc8 (webtiles) character file.

1188 Sergey the Magician (level 8, -1/49 HPs)
             Began as a Kobold Wanderer on May 21, 2018.
             Was an Initiate of Vehumet.
             Slain by a gnoll
             ... wielding a +0 spear
              (8 damage)
             ... on level 7 of the Dungeon.
             The game lasted 00:22:11 (2599 turns).

Sergey the Magician (Kobold Wanderer)               Turns: 2599, Time: 00:22:11

Health: -1/49      AC:  4    Str:  9    XL:     8   Next: 71%
Magic:  32/34      EV: 13    Int: 16    God:    Vehumet [......]
Gold:   96         SH:  0    Dex: 14    Spells: 6/21 levels left

rFire    . . .     SeeInvis .   d - staff of power
rCold    . . .     Gourm    .   (shield currently unavailable)
rNeg     . . .     Faith    +   o - +0 robe
rPois    .         Spirit   .   m - +1 helmet
rElec    .         Reflect  .   (no cloak)
rCorr    .         Harm     .   (no gloves)
MR       .....                  (no boots)
Stlth    +.........             p - amulet of faith
HPRegen  0.16/turn              (no ring)
MPRegen  0.24/turn              (no ring)

@: confused, about to teleport
A: small, carnivore
a: Renounce Religion


You were on level 7 of the Dungeon.
You worshipped Vehumet.
Vehumet was noncommittal.
You were full.

You visited 2 branches of the dungeon, and saw 10 of its levels.

You collected 182 gold pieces.
You spent 86 gold pieces at shops.

Inventory:

Hand Weapons
 e - a +0 dagger
 w - a +3 short sword
Armour
 m - a +1 helmet (worn)
 o - a +0 robe (worn)
Magical Staves
 d - an uncursed staff of power (weapon)
Jewellery
 p - an amulet of faith (around neck)
Wands
 b - a wand of iceblast (3)
 q - a wand of disintegration (6)
Scrolls
 c - 2 scrolls of teleportation {@r3}
 i - a scroll of enchant weapon {unknown}
 l - 4 scrolls of remove curse {@r2}
 r - a scroll of torment {unknown}
 s - a scroll of enchant armour {unknown}
Potions
 a - 2 potions of agility
 g - a potion of mutation
 h - a potion of brilliance
 k - a potion of cancellation
Comestibles
 f - 8 rations
 n - 3 chunks of flesh


   Skills:
 + Level 5.1 Fighting
 + Level 6.2 Short Blades
 - Level 1.3 Stealth
 + Level 7.3 Spellcasting
 - Level 5.0 Conjurations
 + Level 0.5 Summonings
 + Level 0.6 Air Magic
 - Level 1.0 Poison Magic
 - Level 1.2 Evocations


You had 6 spell levels left.
You knew the following spells:

 Your Spells              Type           Power        Failure   Level  Hunger
a - Magic Dart            Conj           ###.         1%          1    None
b - Call Imp              Summ           #.......     14%         2    None
c - Conjure Flame         Conj/Fire      ##......     13%         3    ##.....
d - Mephitic Cloud        Conj/Pois/Air  ##......     14%         3    ##.....
e - Blink                 Tloc           N/A          19%         2    None
f - Summon Lightning Spi  Summ/Air       #.......     67%         4    ####...

Your spell library contained the following spells:

 Spells                   Type           Power        Failure   Level  Hunger
 Slow                     Hex            #.......     19%         2    None
 Summon Small Mammal      Summ           #...         10%         1    None
 Summon Ice Beast         Ice/Summ       #.......     71%         4    ####...
 Recall                   Summ/Tloc      N/A          32%         3    ##.....
 Call Canine Familiar     Summ           #.......     28%         3    ##.....
 Summon Guardian Golem    Hex/Summ       #.......     32%         3    ##.....


Dungeon Overview and Level Annotations

Branches:
Dungeon (9/15)             Temple (1/1) D:6
   Lair: D:8-11         Orc: D:9-12

Altars:
Cheibriados
Makhleb
Okawaru
Ru
Vehumet
Yredelemnul

Shops:
D:4 !**[[   D:7 :(

Annotations:
D:7 Joseph


Innate Abilities, Weirdness & Mutations

You are small and have problems with some larger weapons.
You are carnivorous and can eat meat at any time.


Message History

* * * LOW HITPOINT WARNING * * *
The worker ant completely misses you.
You hit the worker ant but do no damage.
The hound bites you.
* * * LOW HITPOINT WARNING * * *
The gnoll hits you with a club.
* * * LOW HITPOINT WARNING * * *
The gnoll barely misses you.
The gnoll hits you from afar with a spear.
* * * LOW HITPOINT WARNING * * *
The worker ant completely misses you. Joseph closely misses you.
The hound barely misses you. The gnoll hits you with a club.
* * * LOW HITPOINT WARNING * * *
The gnoll barely misses you. The gnoll hits you but does no damage.
The gnoll misses you.
You're too confused to move!
The hound bites you but does no damage. The gnoll barely misses you.
The worker ant misses you. Joseph closely misses you.
The gnoll barely misses you.
The gnoll hits you from afar with a spear!
You die...

######## #......#
#......###############
######(...(................
#?.......gg(###############
#........@g.#####
#.......ah@....... .
###...)#ggg....#. #
#....#.......#
#....#.......#
#....#.......#
......#.......#
##+###.#........
#r#.......#


You could see Joseph, a gnoll shaman, a hound, a worker ant and 5 gnolls.

Vanquished Creatures
  A hippogriff (D:8)
  A wyvern (D:8)
  2 ogres (D:5)
  2 bullfrogs (D:7)
  5 wights (D:6)
  A bullfrog zombie (D:5)
  A crimson imp (D:6)
  2 hounds
  A centaur skeleton (D:5)
  An iguana (D:5)
  A hound skeleton (D:5)
  A mummy (D:5)
  10 adders
  A gnoll (D:5)
  A shadow imp (D:7)
  A dart slug (D:2)
  A leopard gecko (D:4)
  2 orcs
  3 giant cockroaches
  8 goblins
  7 hobgoblins
  7 jackals
  2 quokkas
  6 bats
  4 frilled lizards
  4 kobolds
  A quokka skeleton (D:6)
  4 rats
81 creatures vanquished.

Notes
Turn   | Place    | Note
-------+----------+-------------------------------------------
     0 | D:1      | Sergey the Kobold Wanderer began the quest for the Orb.
     0 | D:1      | Sergey set off with: a scroll of teleportation {@r3}, a +0 robe, a +0 dagger, a ration
     0 | D:1      | Reached XP level 1. HP: 10/10 MP: 6/6
     0 | D:1      | Noticed a merfolk zombie
     2 | D:1      | Learned a level 1 spell: Magic Dart
    12 | D:1      | Noticed a merfolk zombie
    18 | D:1      | Noticed a merfolk zombie
    63 | D:1      | Reached XP level 2. HP: 16/16 MP: 0/8
   108 | D:1      | Learned a level 2 spell: Blink
   122 | D:1      | Reached skill level 1 in Short Blades
   248 | D:1      | Reached skill level 1 in Fighting
   311 | D:1      | Reached XP level 3. HP: 8/20 MP: 0/10
   361 | D:1      | Learned a level 3 spell: Mephitic Cloud
   633 | D:2      | Reached XP level 4. HP: 20/25 MP: 3/11
   872 | D:4      | Found Xuces's Distillery.
   883 | D:4      | Bought a potion of agility for 40 gold pieces
   890 | D:4      | Found Pehih's General Store.
   924 | D:5      | Entered Level 5 of the Dungeon
   938 | D:5      | Reached XP level 5. HP: 22/30 MP: 4/13
   943 | D:5      | Learned a level 3 spell: Conjure Flame
   957 | D:5      | Learned a level 2 spell: Call Imp
  1188 | D:4      | Found Casius's Assorted Antiques.
  1191 | D:4      | Bought a fizzy dark potion for 23 gold pieces
  1191 | D:4      | Bought a glowing ruby potion for 23 gold pieces
  1231 | D:3      | Reached skill level 6 in Spellcasting
  1330 | D:4      | Found Folizuch's Armour Boutique.
  1331 | D:4      | Found Apebbiory's Antique Armour Boutique.
  1526 | D:5      | Noticed an ogre
  1544 | D:5      | Killed an ogre
  1544 | D:5      | Reached XP level 6. HP: 36/36 MP: 11/15
  1578 | D:5      | Noticed an ogre
  1599 | D:5      | Killed an ogre
  1632 | D:5      | Found a snail-covered altar of Cheibriados.
  1755 | D:5      | Reached XP level 7. HP: 36/41 MP: 5/16
  1986 | D:6      | Found a staircase to the Ecumenical Temple.
  1995 | Temple   | Entered the Ecumenical Temple
  2032 | Temple   | Became a worshipper of Vehumet
  2175 | D:6      | Reached skill level 5 in Short Blades
  2212 | D:6      | Learned a level 4 spell: Summon Lightning Spire
  2270 | D:7      | Reached XP level 8. HP: 24/48 MP: 5/18
  2363 | D:6      | You fall through a shaft for 2 floors!
  2423 | D:8      | Noticed a hippogriff
  2424 | D:8      | Noticed a wyvern
  2432 | D:8      | Killed a hippogriff
  2432 | D:8      | Reached skill level 7 in Spellcasting
  2432 | D:8      | Killed a wyvern
  2432 | D:8      | Reached skill level 5 in Fighting
  2432 | D:8      | Reached skill level 5 in Conjurations
  2479 | D:9      | Noticed a hippogriff
  2488 | D:7      | Found Ysmellet's Antique Weapon Shop.
  2489 | D:7      | Found Nyj Zics's Book Shop.
  2590 | D:7      | Noticed Joseph
  2598 | D:7      | HP: 2/49 [gnoll/club (2)]
  2599 | D:7      | Slain by a gnoll

Vault maps used:
D:1:      shiori_arrival_whats_in_store_for_you
D:2:      kennysheep_six_static_rooms, minmay_tree_intersection
D:3:      chequers_ecumenical_altar_simple_redux
D:4:      serial_shops, kennysheep_little_box, shop_statue,
          nicolae_shop_window_shopping, shop_fountains, shop
D:5:      slow_altar_2, first_ration
D:6:      grunt_temple_overflow_open, temple_hall
D:7:      trog_ov_bears_minmay, lemuel_doored_altar, serial_shops, shop,
          nicolae_shop_statue_plus, uniq_joseph
D:8:      grunt_livestock
D:9:      nicolae_ru_awakened_eye, uniq_erolcha, uniq_pikel, uniq_prince_ribbit1
Temple:   nicolae_temple_figure_eight

Skill      XL: |  1  2  3  4  5  6  7  8 |
---------------+-------------------------+-----
Short Blades   | 1 2 3 4 5 6 |  6.2
Fighting       | 1 2 3 4 5 |  5.1
Conjurations   | 3 4 5 |  5.0
Spellcasting   | 6 7 |  7.3
Stealth        | |  1.3
Summonings     | |  0.5
Air Magic      | |  0.6
Poison Magic   | |  1.0
Evocations     | |  1.2

Action                   |  1- 3 |  4- 6 |  7- 9 || total
-------------------------+-------+-------+-------++-------
Melee: Dagger            |    18 |       |       ||    18
       Short sword       |     9 |    39 |     9 ||    57
       Staff             |       |     1 |     1 ||     2
 Cast: Magic Dart        |    60 |    95 |   100 ||   255
       Conjure Flame     |       |     5 |     6 ||    11
       Mephitic Cloud    |       |     1 |     3 ||     4
       Blink             |       |       |     1 ||     1
Evoke: Wand              |       |     1 |     7 ||     8
  Use: Scroll            |     1 |     5 |     4 ||    10
       Potion            |       |       |     4 ||     4
 Stab: Sleeping          |     1 |     3 |       ||     4
  Eat: Chunk             |     7 |     4 |       ||    11
Armor: Robe              |    11 |     4 |    12 ||    27
Dodge: Dodged            |    34 |    38 |    52 ||   124

Table legend:
 A = Spawn XP
 B = Non-spawn XP
 C = Spawn XP percentage of total XP
 D = Spawn monster count
 E = Non-spawn monster count
 F = Spawn count percentage of total count
 G = Total turns spent on level
                    A         B        C        D         E        F      G
               +---------+---------+-------+---------+---------+-------+---------
         Total |       0 |    1698 |   0.0 |       0 |      81 |   0.0 |  2599
               +---------+---------+-------+---------+---------+-------+---------
           D:1 |       0 |      45 |   0.0 |       0 |      26 |   0.0 |   407
           D:2 |       0 |      56 |   0.0 |       0 |      13 |   0.0 |   409
           D:3 |       0 |      38 |   0.0 |       0 |       8 |   0.0 |   130
           D:4 |       0 |      18 |   0.0 |       0 |       3 |   0.0 |   488
           D:5 |       0 |     419 |   0.0 |       0 |       9 |   0.0 |   385
           D:6 |       0 |     373 |   0.0 |       0 |      11 |   0.0 |   454
           D:7 |       0 |     254 |   0.0 |       0 |       8 |   0.0 |   142
           D:8 |       0 |     495 |   0.0 |       0 |       3 |   0.0 |   123
               +---------+---------+-------+---------+---------+-------+---------
